 Dungeon Crawl Stone Soup version 0.26-a0-712-ga5a9c9c9d0 (webtiles) character file.

Game seed: 10898558362564715786

44 Theodorus the Conjurer (level 3, 0/19 HPs)
             Began as a Deep Elf Conjurer on Oct 27, 2020.
             Slain by a gnoll
             ... wielding a +0 club
              (8 damage)
             ... on level 2 of the Dungeon on Nov 1, 2020.
             The game lasted 00:17:38 (1609 turns).

Theodorus the Conjurer (Deep Elf Conjurer)          Turns: 1609, Time: 00:17:39

Health: 0/19       AC:  3    Str:  2    XL:     3   Next: 41%
Magic:  10/10      EV: 13    Int: 23    God:
Gold:   25         SH:  0    Dex: 13    Spells: 8/9 levels left

rFire    . . .     SeeInvis .   f - +0 dagger
rCold    . . .     Faith    .   (no shield)
rNeg     . . .     Spirit   .   a - +0 robe
rPois    .         Reflect  .   (helmet restricted)
rElec    .         Harm     .   (no cloak)
rCorr    +         Rampage  .   h - +0 pair of gloves
MR       .....                  (no boots)
Stlth    ++........             (no amulet)
HPRegen  0.06/turn              i - ring of resist corrosion
MPRegen  0.12/turn              (no ring)

@: no status effects
A: horns 1, weak 1
a: no special abilities


You were on level 2 of the Dungeon.
You visited 1 branch of the dungeon, and saw 2 of its levels.

You collected 25 gold pieces.

Inventory:

Hand Weapons
 c - a +0 short sword
 f - a +0 dagger (weapon)
Missiles
 e - 52 stones (quivered)
Armour
 a - a +0 robe (worn)
 h - a +0 pair of gloves (worn)
Jewellery
 i - a ring of resist corrosion (left hand)
Scrolls
 d - a scroll of fear
 g - 2 scrolls of random uselessness
Potions
 b - a potion of curing
 j - a potion of stabbing {unknown}


   Skills:
 + Level 0.1 Short Blades
 + Level 2.6 Dodging
 + Level 2.5 Stealth
 + Level 3.6 Spellcasting
 + Level 5.3 Conjurations


You had 8 spell levels left.
You knew the following spells:

 Your Spells              Type           Power        Failure   Level
a - Magic Dart            Conj           ####         1%          1

Your spell library contained the following spells:

 Spells                   Type           Power        Failure   Level
 Searing Ray              Conj           ####..       1%          2
 Dazzling Flash           Conj/Hex       ###...       11%         3
 Fulminant Prism          Conj/Hex       ###.......   36%         4
 Iskenderun's Mystic Bla  Conj/Tloc      ###.....     36%         4


Dungeon Overview and Level Annotations

Branches:
Dungeon (2/15)

Altars:
Fedhas
Hepliaklqana


Innate Abilities, Weirdness & Mutations

You have a pair of small horns on your head.
You are weak. (Str -2)


Message History

You hit the gnoll but do no damage. Your headbutt misses the gnoll.
The gnoll is lightly wounded.
The gnoll hits you with a +0 club.
A gnoll comes into view. It is wielding a +0 halberd.
The gnoll barely misses you. The gnoll barely misses you.
The gnoll closely misses you.
You barely miss the gnoll.
The gnoll is lightly wounded.
The gnoll hits you with a +0 club.
Welcome back, Theodorus the Deep Elf Conjurer.
Press ? for a list of commands and other information.
Welcome back, Theodorus the Deep Elf Conjurer.
Press ? for a list of commands and other information.
You hit the gnoll but do no damage. The gnoll hits you with a +0 club.
You hit the gnoll but do no damage. The gnoll hits you but does no damage.
You hit the gnoll but do no damage. The gnoll hits you but does no damage.
You hit the gnoll but do no damage. You hit the gnoll but do no damage.
The gnoll hits you with a +0 club!
You die...

............#
#.#####.###.# #.# #.#
#.# #.# #.# #.# #.#
#.# #.#
#.###########.
#.###.#........[...
#.@g...............
#....##.#....#######.
#....##.#.##.#
#....####.##.# #.#...
..##.# #.#.## #####..
# # #. #.. # #. #g..
### ...


You could see a gnoll.

Vanquished Creatures
  2 dart slugs
  A ball python (D:1)
  5 bats
  9 giant cockroaches
  A goblin (D:1)
  5 hobgoblins
  4 jackals (D:1)
  2 kobolds
  2 frilled lizards (D:1)
  2 rats
33 creatures vanquished.

Notes
Turn   | Place    | Note
-------+----------+-------------------------------------------
     0 | D:1      | Theodorus the Deep Elf Conjurer began the quest for the
                  | Orb.
     0 | D:1      | Reached XP level 1. HP: 10/10 MP: 6/6
   179 | D:1      | Reached XP level 2. HP: 15/15 MP: 4/8
   384 | D:1      | Gained mutation: You are weak. (Str -2) [potion of
                  | mutation]
   384 | D:1      | Gained mutation: You have a pair of small horns on your
                  | head. [potion of mutation]
   537 | D:1      | Reached skill level 5 in Conjurations
   682 | D:1      | Reached XP level 3. HP: 12/19 MP: 0/9
  1364 | D:2      | Found a blossoming altar of Fedhas.
  1503 | D:2      | Found a hazy altar of Hepliaklqana.
  1513 | D:2      | Upgraded the game from 0.26-a0-707-g31817bcca1 to
                  | 0.26-a0-712-ga5a9c9c9d0
  1609 | D:2      | Slain by a gnoll

Illustrated notes

Levels and vault maps discovered:
D:1:      minmay_arrival_jagged, layout_basic, kennysheep_decorative_pillar,
          minmay_misc_feat_ornament, corexii_leaking_fountain,
          minmay_worlds_worst_comb
D:2:      layout_basic, fedhas_ov_isle_minmay, lemuel_doored_altar

Skill      XL: |  1  2 |
---------------+-------+-----
Conjurations   | 5 |  5.3
Short Blades   | |  0.1
Dodging        | |  2.6
Stealth        | |  2.5
Spellcasting   | |  3.6

Action                   || total
-------------------------++-------
Melee: Short sword       ||    20
       Headbutt          ||     1
       Dagger            ||     8
Throw: Stone             ||     2
 Cast: Magic Dart        ||    53
  Use: Scroll            ||     5
       Potion            ||     3
 Stab: Sleeping          ||     1
Armor: Robe              ||     7
Dodge: Dodged            ||    30

Table legend: (Time is in decaauts)
 A = Elapsed time spent in this place.
 B = Non-inter-level travel time spent in this place.
 C = Inter-level travel time spent in this place.
 D = Time resting spent in this place.
 E = Time spent auto-exploring this place.
 F = Levels seen in this place.
 G = Mean time per level.
                   A        B        C        D        E       F      G
               +--------+--------+--------+--------+--------+-----+--------+
         Total |   1615 |   1615 |      0 |    344 |    775 |   2 |  807.5 |
       Dungeon |   1615 |   1615 |      0 |    344 |    775 |   2 |  807.5 |
               +--------+--------+--------+--------+--------+-----+--------+

Top non-repeatable levels by time:
     D:1: 1088 daAuts
     D:2: 526 daAuts
